 Dungeon Sprint DCSS version 0.30-a0-304-gdc4b735fe1 (webtiles) character file.

Game seed: 769354280510290401

1292 rocky1 the Thaumaturge (level 8, -9/69 HPs)
             Began as a Djinni Fire Elementalist on Oct 21, 2022.
             Was an Initiate of Gozag.
             Mangled by a two-headed ogre
             ... wielding a +0 giant club
              (13 damage)
             ... in the Dungeon (Sprint III: "The Ten Rune Challenge").
             The game lasted 00:03:33 (1043 turns).

rocky1 the Thaumaturge (Djinni Fire Elementalist)   Turns: 1043, Time: 00:03:34

Health: -9/69      AC:  2    Str:  7    XL:     8   Next: 86%
Gold:   678        EV: 12    Int: 19    God:    Gozag SH:  0 Dex: 14

rFire   + + .      SeeInvis .    m - +2 long sword (holy)
rCold   x . .      Faith    .    (no shield)
rNeg    . . .      Spirit   .    a - +0 robe
rPois   ∞          Reflect  .    (no helmet)
rElec   .          Harm     .    (no cloak)
rCorr   .          Rampage  .    (no gloves)
Will    .....      NoTele   +    (boots unavailable)
Stlth   ++........               (no amulet)
HPRegen 0.31/turn                (no ring)
MPRegen 0.00/turn                (no ring)

@: flying
A: sickness immunity, fire resistance 2, cold vulnerability 1, float, innate
caster, HP casting, extra vitality 1
a: Renounce Religion, Potion Petition, Call Merchant, Bribe Branch


You were in the Dungeon.
You worshipped Gozag.
Gozag was pleased with you.
You visited 1 branch You collected 678 gold pieces.

Inventory:

Hand Weapons
 m - a +2 long sword of holy wrath (weapon)
Armour
 a - a +0 robe (worn)
Wands
 n - a wand of charming (9)
Scrolls
 f - a scroll of blinking
 g - a scroll of enchant weapon {unknown}
 h - 4 scrolls of poison {unknown}
 j - a scroll of torment {unknown}
 k - 2 scrolls of identify
 l - a scroll of magic mapping {unknown}
Potions
 b - 2 potions of curing
 c - a potion of heal wounds
 d - a potion of haste
 e - a potion of berserk rage
 i - 4 potions of mutation {unknown}


   Skills:
 + Level 10.4 Fighting
 + Level 3.6 Long Blades
 - Level 2.1 Dodging
 - Level 1.5 Stealth
 * Level 11.6 Spellcasting


You had 12 spell levels left.
You knew the following spells:

 Your Spells              Type           Power      Damage    Failure   Level
a - Foxfire               Conj/Fire      100%       2x1d9     1%          1
b - Scorch                Fire           100%       2d10      1%          2
c - Kindle Blastsparks    Fire/Tloc/Air  100%       2d18      1%          3
d - Inner Flame           Hex/Fire       53%        N/A       1%          3
e - Flame Wave            Conj/Fire      53%        2d13      1%          4
f - Shock                 Conj/Air       100%       1d9       1%          1
g - Blink                 Tloc           100%       N/A       1%          2
h - Searing Ray           Conj           100%       2d8       1%          2
Your spell library was empty.

Dungeon Overview and Level Annotations

Branches:
Dungeon (1/1)

Altars:
Cheibriados
Dithmenos
Elyvilon
Fedhas
Gozag
Hepliaklqana
Makhleb
Nemelex Xobeh
Okawaru
Qazlal
Ru
Trog
Uskayaw
Wu Jian
Xom
Yredelemnul
Zin
The Shining One
Jiyva
Lugonu


Innate Abilities, Weirdness & Mutations

You are immune to sickness and miasma.
You are immune to poison.
Your flesh is very heat resistant. (rF++)
You are vulnerable to cold. (rC-)
You float through the air rather than walking.
You learn spells naturally, not from books.
Your magical power is your life essence.
You have superior vitality. (+4 MHP)


Message History

Flames lash the two-headed ogre.
The two-headed ogre is burned terribly!
The two-headed ogre is almost dead.
Casting: Scorch (safe; 1% risk of failure)
Confirm with . or Enter, or press ? or * to list all spells.
Flames lash the two-headed ogre.
The two-headed ogre is burned terribly!
You kill the two-headed ogre!
Unknown command.
You now have 543 gold pieces (gained 108).
Things that are here:
a +0 giant spiked club; a +0 giant club You now have 678 gold pieces (gained 135).
Things that are here:
a +0 giant club; a +0 giant club You start resting.
A two-headed ogre comes into view.
It is wielding a +0 giant club and a +0 giant spiked club.
Casting: Scorch (safe; 1% risk of failure)
Confirm with . or Enter, or press ? or * to list all spells.
Flames lash the two-headed ogre.
The two-headed ogre shouts in stereo!
The two-headed ogre is heavily wounded.
The two-headed ogre's fire resistance burns away.
Casting: Scorch (safe; 1% risk of failure)
Confirm with . or Enter, or press ? or * to list all spells.
You conjure some foxfire!
The two-headed ogre hits you with a +0 giant club!!
* * * LOW HITPOINT WARNING * * *
The two-headed ogre closely misses you.
Casting: Foxfire (safe; 1% risk of failure)
Confirm with . or Enter, or press ? or * to list all spells.
Flames lash the two-headed ogre.
The two-headed ogre is burned terribly!
The two-headed ogre is severely wounded.
* * * LOW HITPOINT WARNING * * *
The foxfire hits the two-headed ogre but does no damage.
The two-headed ogre is severely wounded.
The foxfire hits the two-headed ogre!
The two-headed ogre is burned terribly!
The two-headed ogre is severely wounded.
The two-headed ogre misses you.
The two-headed ogre hits you with a +0 giant spiked club!
You die...
Your body crumbles into a pile of gold. ▓▓ ▓▓▓ .♣♣ ♣.############$$ $ ♣.♣ ♣.#___#___#__# $$ $$$$$

.♣♣ ♣.#...#__)#._#$$
~.♣♣♣♣.###'#'###'##$$ $
~♣..♣♣.#.......§§.# $$
~~.♣...'.⌠.....§@.# $ $
≈~~~...#...######O#$ $
~~~....#.⌠.#__#...# #
~~.....#)..#__#...# #.#
.......#'###_v#...## OO
.......#)::#__#...'##.#
.......#___#__+...#...#
▓▓▓▓▓▓▓▓▓▓▓▓▓▓▓▓▓▓▓▓▓▓▓


You could see a two-headed ogre (combustible).

Vanquished Creatures
  A deep elf pyromancer (D)
  A shadow (D)
  2 two-headed ogres (D)
  A necrophage (D)
  A water elemental (D)
  A jelly (D)
  Jessica (D)
  A wizard (D)
  A necromancer (D)
  3 humans (D)
  A kobold demonologist (D)
  A phantom (D)
  3 rats (D)
18 creatures vanquished.

Vanquished Creatures (others)
  33 foxfires (D)
  3 plants (D)
36 creatures vanquished.

Grand Total: 54 creatures vanquished

Notes
Turn   | Place    | Note
-------+----------+-------------------------------------------
     0 | D        | rocky1 the Djinni Fire Elementalist began the quest for the
                  | Orb.
     0 | D        | rocky1 set off with the following spells memorised:
                  | Foxfire, Scorch, Kindle Blastsparks, Inner Flame, Flame
                  | Wave.
     0 | D        | Reached XP level 1. HP: 15/15 MP: 0/0
   115 | D        | Noticed Jessica
   120 | D        | Killed Jessica
   121 | D        | Reached skill level 4 in Spellcasting
   121 | D        | Reached XP level 2. HP: 21/25 MP: 0/0
   121 | D        | Reached XP level 3. HP: 25/30 MP: 0/0
   121 | D        | Learned a level 1 spell: Shock
   304 | D        | Reached skill level 5 in Spellcasting
   304 | D        | Reached XP level 4. HP: 35/37 MP: 0/0
   347 | D        | Noticed a water elemental
   350 | D        | Killed a water elemental
   351 | D        | Reached skill level 5 in Fighting
   351 | D        | Reached skill level 6 in Spellcasting
   351 | D        | Reached XP level 5. HP: 37/43 MP: 0/0
   351 | D        | Learned a level 2 spell: Blink
   391 | D        | Noticed a shadow
   396 | D        | Killed a shadow
   397 | D        | Reached skill level 8 in Spellcasting
   397 | D        | Reached XP level 6. HP: 27/53 MP: 0/0
   496 | D        | Found a blossoming altar of Fedhas.
   496 | D        | Found a stormy altar of Qazlal.
   496 | D        | Found a snail-covered altar of Cheibriados.
   496 | D        | Found a burning altar of Makhleb.
   496 | D        | Found a shimmering altar of Xom.
   497 | D        | Found a hazy altar of Hepliaklqana.
   497 | D        | Found an opulent altar of Gozag.
   497 | D        | Found a sparkling altar of Nemelex Xobeh.
   497 | D        | Found a corrupted altar of Lugonu.
   497 | D        | Found a viscous altar of Jiyva.
   497 | D        | Noticed a spatial vortex
   660 | D        | Became a worshipper of Gozag Ym Sagoz the Greedy
   755 | D        | Found a glowing silver altar of Zin.
   755 | D        | Found a glowing golden altar of the Shining One.
   755 | D        | Found a white marble altar of Elyvilon.
   755 | D        | Noticed a deep elf pyromancer
   758 | D        | Killed a deep elf pyromancer
   759 | D        | Reached skill level 10 in Spellcasting
   759 | D        | Reached XP level 7. HP: 49/61 MP: 0/0
   759 | D        | Learned a level 2 spell: Searing Ray
   759 | D        | Reached XP level 8. HP: 54/67 MP: 0/0
   819 | D        | Reached skill level 1 in Long Blades
   840 | D        | Found a hide-covered altar of Uskayaw.
   840 | D        | Found an iron altar of Okawaru.
   840 | D        | Found a bloodstained altar of Trog.
   840 | D        | Found an ornate altar of the Wu Jian Council.
   840 | D        | Noticed a human
   840 | D        | Noticed a human
   844 | D        | Killed a human
   845 | D        | Reached skill level 11 in Spellcasting
   847 | D        | Killed a human
   848 | D        | Reached skill level 10 in Fighting
   956 | D        | Found a basalt altar of Yredelemnul.
   956 | D        | Found a shadowy altar of Dithmenos.
   956 | D        | Found a sacrificial altar of Ru.
  1043 | D        | Mangled by a two-headed ogre

Illustrated notes

Levels and vault maps discovered:
D:        dungeon_sprint_mu [sprint_mu_entry_forest, sprint_mu_temple_rooms,
          sprint_mu_d1_spiders, sprint_mu_d2_genie, sprint_mu_d3_branching,
          sprint_mu_orc_legion, sprint_mu_elf_gauntlet, sprint_mu_hive_nellie,
          sprint_mu_lair_fedhas, sprint_mu_vaults_butterflies,
          sprint_mu_slime_circle, sprint_mu_swamp_cave, sprint_mu_snake_twists,
          sprint_mu_blade_basic, sprint_mu_crypt_chambers,
          sprint_mu_tomb_spiral, sprint_mu_vestibule_basic,
          sprint_mu_gehenna_hellfire, sprint_mu_dis_giant,
          sprint_mu_tartarus_statrot, sprint_mu_cocytus_islands, sprint_mu_zot1]

Skill      XL: |  1  2  3  4  5  6  7  8 |
---------------+-------------------------+-----
Fighting       | 3 5 7 9 10 | 10.4
Spellcasting   | 4 5 6 8 10 11 | 11.6
Long Blades    | 3 |  3.6
Dodging        | |  2.1
Stealth        | |  1.5

Action                   |  1- 3 |  4- 6 |  7- 9 || total
-------------------------+-------+-------+-------++-------
Melee: Unarmed           |     2 |     3 |       ||     5
       Long sword        |       |       |     1 ||     1
 Cast: Foxfire           |    13 |     4 |     2 ||    19
       Scorch            |     2 |    11 |    23 ||    36
Dodge: Dodged            |       |     2 |     7 ||     9

Table legend: (Time is in decaauts)
 A = Elapsed time spent in this place.
 B = Non-inter-level travel time spent in this place.
 C = Inter-level travel time spent in this place.
 D = Time resting spent in this place.
 E = Time spent auto-exploring this place.
 F = Levels seen in this place.
 G = Mean time per level.
                   A        B        C        D        E       F      G
               +--------+--------+--------+--------+--------+-----+--------+
         Total |   1042 |   1042 |      0 |    735 |      0 |   1 | 1042.0 |
       Dungeon |   1042 |   1042 |      0 |    735 |      0 |   1 | 1042.0 |
               +--------+--------+--------+--------+--------+-----+--------+

Top non-repeatable levels by time:
       D: 1042 daAuts
